 Dungeon Crawl Stone Soup version 0.23-a0-275-g0cf4261 (webtiles) character file.

4894 MisterFreud the Slicer (level 10, -3/78 HPs)
             Began as a Kobold Artificer on Oct 2, 2018.
             Was a Follower of Kikubaaqudgha.
             Killed from afar by a rime drake (shapeshifter) (25 damage)
             ... with a flash freeze
             ... on level 11 of the Dungeon.
             The game lasted 01:00:25 (18969 turns).

MisterFreud the Slicer (Kobold Artificer)          Turns: 18969, Time: 01:00:27

Health: -3/78      AC: 25    Str: 12    XL:     10   Next: 80%
Magic:  14/14      EV:  3    Int: 16    God:    Kikubaaqudgha [*.....]
Gold:   550        SH:  0    Dex: 16    Spells: 4/9 levels left

rFire    . . .     SeeInvis .   N - +2 dagger (chaos)
rCold    . . .     Gourm    .   (shield restricted)
rNeg     + + +     Faith    .   (armour currently unavailable)
rPois    +         Spirit   .   (helmet currently unavailable)
rElec    .         Reflect  .   (cloak currently unavailable)
rCorr    .         Harm     .   (gloves currently unavailable)
MR       .....     NoTele   +   (boots currently unavailable)
Stlth    ++++......             C - amulet of the acrobat
HPRegen  0.23/turn              r - ring of flight
MPRegen  0.14/turn              L - +3 ring of strength

@: tree-form, drained
A: small, carnivore
a: Receive Corpses, Renounce Religion


You were on level 11 of the Dungeon.
You worshipped Kikubaaqudgha.
Kikubaaqudgha was aware of your devotion.
You were completely stuffed.
You were a tree.
You visited 2 branches of the dungeon, and saw 12 of its levels.
You also visited: Ossuary.

You collected 550 gold pieces.

Inventory:

Hand Weapons
 a - a +1 short sword
 b - a +0 hunting sling
 y - a +0 rapier
 N - a +2 dagger of chaos (weapon)
Missiles
 g - 162 stones (quivered)
 j - 56 poisoned needles
 o - 68 sling bullets
 p - 219 arrows
 q - 8 tomahawks of returning
 x - 81 bolts
 z - 12 tomahawks
Armour
 k - a +0 pair of gloves (melded)
 u - a +0 cloak (melded)
 F - a +0 leather armour of poison resistance (melded)
 M - a +0 pair of boots of flying (melded)
Jewellery
 r - a ring of flight (left branch)
 C - an amulet of the acrobat (around neck)
 L - a +3 ring of strength (right branch)
Wands
 c - a wand of flame (4)
 d - a wand of enslavement (9)
 w - a wand of polymorph (15)
Scrolls
 l - 2 scrolls of remove curse
 t - a scroll of teleportation
 v - 4 scrolls of enchant weapon
 G - 3 scrolls of magic mapping
 I - a scroll of silence
 K - a scroll of identify
Potions
 h - a potion of agility
 i - 2 potions of magic
 m - 7 potions of flight
 n - 4 potions of might
 A - a potion of heal wounds {unknown}
 B - 2 potions of cancellation
 D - a potion of brilliance
 E - a potion of ambrosia
 J - a potion of degeneration {unknown}
Comestibles
 f - 20 rations


   Skills:
 - Level 1.1(0.7) Fighting
 + Level 13.0(12.5) Short Blades
 + Level 8.3(7.9) Dodging
 - Level 10.1(9.6) Stealth
 + Level 1.4(1.1) Necromancy
 - Level 3.1(2.7) Translocations
 - Level 6.0(5.6) Evocations


You had 4 spell levels left.
You knew the following spells:

 Your Spells              Type           Power        Failure   Level  Hunger
a - Blink                 Tloc           N/A          12%         2    ###....
b - Vampiric Draining     Necr           #.........   43%         3    ####...

Your spell library contained the following spells:

 Spells                   Type           Power        Failure   Level  Hunger
 Animate Skeleton         Necr           N/A          16%         1    ##.....
 Pain                     Necr           #...         16%         1    ##.....
 Sublimation of Blood     Necr           #.........   24%         2    ###....
 Magic Dart               Conj           #...         26%         1    ##.....
 Call Imp                 Summ           #.......     36%         2    ###....
 Slow                     Hex            #.......     36%         2    ###....
 Conjure Flame            Conj/Fire      #.......     58%         3    ####...
 Mephitic Cloud           Conj/Pois/Air  #.......     58%         3    ####...


Dungeon Overview and Level Annotations

Branches:
Dungeon (11/15)            Temple (1/1) D:4            Lair (0/6) D:10
    Orc: D:9-12

Altars:
Ashenzari
Cheibriados
Dithmenos
Elyvilon
Fedhas
Gozag
Hepliaklqana
Kikubaaqudgha
Makhleb
Nemelex Xobeh
Okawaru
Qazlal
Ru
Sif Muna
Trog
Uskayaw
Vehumet
Wu Jian
Xom
Yredelemnul
Zin
The Shining One

Annotations:
D:3 2 runed doors, mandick's ghost, amateur NaFi
D:6 3 runed doors, Karim's ghost, novice DDFi
D:9 TheNamelessOne's ghost, novice FoFi
D:10 exclusion: oklob plant


Innate Abilities, Weirdness & Mutations

You are small and have problems with some larger weapons.
You are carnivorous and can eat meat at any time.


Message History

The rime drake is heavily wounded.
The rime drake bites you but does no damage.
You feel better. The ice encasing you melts away.
The hound bites you but does no damage. x2
The rime drake bites you but does no damage.
You hit the rime drake but do no damage.
The rime drake is heavily wounded.
The hound bites you but does no damage.
You hit the rime drake.
The rime drake looks as sick as possible!
The rime drake is heavily wounded.
The rime drake bites you but does no damage.
You closely miss the rime drake.
The rime drake is heavily wounded.
The hound bites you but does no damage. The rime drake breathes ice at you.
The flash freeze hits you!
You die...
Kikubaaqudgha rasps: "You have failed me!
Welcome... death!"

#########
#........
###<.......
#...#######
#k### #♣#
#......h.#
..........#
..##.......#
#.....#.#
#........
####.## .#
#.. ..


You could see a rime drake shaped shifter and a hound.

Vanquished Creatures
  A gargoyle (D:9)
  A hippogriff (D:7)
  A spriggan (D:7)
  Eustachio (D:6)
  A yak (D:9)
  2 water moccasins
  2 ice beasts (D:8)
  A necrophage (D:8)
  4 ogres
  4 centaurs
  A crocodile (D:8)
  Blork the orc (D:4)
  6 bullfrogs
  A gnoll sergeant (D:7)
  2 scorpions
  8 killer bees
  8 wights (D:8)
  A howler monkey (D:6)
  7 crimson imps
  3 jellies
  4 hounds
  Crazy Yiuf (D:6)
  5 orc wizards
  2 bullfrog skeletons
  2 centaur skeletons
  8 orc priests
  An iguana (D:9)
  5 worker ants
  A hound zombie (D:9)
  2 mummies (Ossuary)
  A worker ant zombie (D:8)
  11 gnolls
  8 adders
  A shadow imp (D:6)
  2 oozes
  An adder zombie (D:5)
  4 worms
  2 dart slugs
  5 leopard geckos
  35 orcs
  7 giant cockroaches
  5 gnoll zombies (Ossuary)
  7 goblins
  12 hobgoblins
  10 jackals
  4 quokkas
  2 ball pythons
  5 bats
  3 frilled lizards
  3 gnoll skeletons (Ossuary)
  2 goblin skeletons (Ossuary)
  2 goblin zombies (Ossuary)
  3 hobgoblin skeletons (Ossuary)
  2 hobgoblin zombies (Ossuary)
  5 kobolds
  3 kobold skeletons (Ossuary)
  2 kobold zombies (Ossuary)
  A leopard gecko skeleton (D:9)
  4 orc skeletons (Ossuary)
  4 orc zombies (Ossuary)
  2 quokka skeletons
  A quokka zombie (D:7)
  4 rats
  A rat skeleton (Ossuary)
  2 rat zombies (Ossuary)
253 creatures vanquished.

Vanquished Creatures (collateral kills)
  An ogre (D:7)
  A wight (D:8)
  An iguana (D:8)
  An orc (D:7)
  A goblin (D:8)
  A quokka (D:8)
6 creatures vanquished.

Vanquished Creatures (others)
  Menkaure (Ossuary)
  A mummy (Ossuary)
  A gnoll zombie (Ossuary)
  A gnoll skeleton (Ossuary)
  A goblin skeleton (Ossuary)
  2 goblin zombies (Ossuary)
  4 hobgoblin skeletons (Ossuary)
  A hobgoblin zombie (Ossuary)
  A kobold skeleton (Ossuary)
  An orc skeleton (Ossuary)
  2 orc zombies (Ossuary)
  A rat skeleton (Ossuary)
  2 rat zombies (Ossuary)
  A fungus (D:4)
20 creatures vanquished.

Grand Total: 279 creatures vanquished

Notes
Turn   | Place    | Note
-------+----------+-------------------------------------------
     0 | D:1      | MisterFreud the Kobold Artificer began the quest for the
                  | Orb.
     0 | D:1      | Reached XP level 1. HP: 12/12 MP: 3/3
   557 | D:1      | Reached XP level 2. HP: 16/16 MP: 4/4
   661 | D:1      | Reached skill level 2 in Short Blades
  1224 | D:2      | Reached XP level 3. HP: 20/20 MP: 6/6
  1642 | D:2      | Found a snail-covered altar of Cheibriados.
  2315 | D:2      | Reached XP level 4. HP: 24/25 MP: 7/7
  2370 | D:2      | Found a deep blue altar of Sif Muna.
  2411 | D:2      | Reached skill level 3 in Short Blades
  3263 | D:4      | Noticed Blork the orc
  3284 | D:3      | Reached XP level 5. HP: 29/29 MP: 8/8
  3302 | D:3      | Reached skill level 5 in Evocations
  3361 | D:3      | Found a large runed door.
  3361 | D:3      | Found a large runed door.
  3361 | D:3      | Noticed mandick's ghost (amateur NaFi)
  3808 | D:4      | Reached skill level 4 in Short Blades
  3819 | D:4      | Found a white marble altar of Elyvilon.
  3848 | D:4      | Reached XP level 6. HP: 21/34 MP: 9/9
  4092 | D:4      | Noticed an ogre
  4262 | D:4      | Found a staircase to the Ecumenical Temple.
  4273 | Temple   | Entered the Ecumenical Temple
  4443 | D:4      | Found a basalt altar of Yredelemnul.
  4443 | D:4      | Found an ornate altar of the Wu Jian Council.
  4983 | D:4      | Reached skill level 5 in Stealth
  5031 | D:4      | Killed Blork the orc
  5031 | D:4      | Reached skill level 5 in Short Blades
  5045 | D:5      | Entered Level 5 of the Dungeon
  5185 | D:5      | Found a sand-covered staircase.
  5190 | Ossuary  | Entered an ossuary
  5305 | Ossuary  | Reached XP level 7. HP: 29/38 MP: 11/11
  5479 | Ossuary  | Killed Menkaure
  7499 | D:5      | Reached skill level 6 in Short Blades
  7926 | D:6      | Found a sparkling altar of Nemelex Xobeh.
  8049 | D:6      | Found a runed gate.
  8049 | D:6      | Found a runed gate.
  8049 | D:6      | Found a runed gate.
  8054 | D:6      | Noticed a spectral hornet
  8056 | D:6      | Noticed Karim's ghost (novice DDFi)
  8138 | D:6      | Found a sparkling altar of Nemelex Xobeh.
  8208 | D:6      | Learned a level 2 spell: Blink
  8429 | D:6      | Reached XP level 8. HP: 30/43 MP: 12/12
  8507 | D:6      | Found a runed door.
  8511 | D:6      | Noticed Crazy Yiuf
  8515 | D:6      | Killed Crazy Yiuf
  8515 | D:6      | Reached skill level 1 in Translocations
  8571 | D:6      | Noticed Eustachio
  8593 | D:6      | Killed Eustachio
  8593 | D:6      | Reached skill level 7 in Short Blades
  9333 | D:7      | Reached skill level 8 in Short Blades
 10070 | D:7      | Found a sparkling altar of Nemelex Xobeh.
 10625 | D:7      | Noticed a hippogriff
 10896 | D:8      | Reached XP level 9. HP: 47/47 MP: 13/13
 11138 | D:8      | Reached skill level 9 in Short Blades
 11185 | D:8      | Found a hazy altar of Hepliaklqana.
 11345 | D:8      | Reached skill level 10 in Stealth
 11481 | D:8      | Reached skill level 10 in Short Blades
 11827 | D:8      | HP: 1/47 [centaur/arrow (2)]
 12197 | D:7      | HP: 1/47 [orc priest/nerve-wracking pain (6)]
 12746 | D:7      | Reached skill level 11 in Short Blades
 13965 | D:7      | Reached skill level 12 in Short Blades
 14409 | D:7      | Reached XP level 10. HP: 22/52 MP: 14/14
 15022 | D:7      | Found an opulent altar of Gozag.
 15027 | D:7      | Reached skill level 5 in Dodging
 15374 | D:8      | Found an ancient bone altar of Kikubaaqudgha.
 15446 | D:8      | Became a worshipper of Kikubaaqudgha
 17606 | D:9      | Noticed a gargoyle
 17609 | D:9      | Killed a gargoyle
 17717 | D:9      | Found a burning altar of Makhleb.
 17730 | D:9      | Reached * piety under Kikubaaqudgha
 17730 | D:9      | Identified Kikubaaqudgha's Catalogue of Darkness
                  | (Kikubaaqudgha gifted it to you on level 9 of the Dungeon)
 17730 | D:9      | Received a gift from Kikubaaqudgha
 17741 | D:9      | Learned a level 3 spell: Vampiric Draining
 17949 | D:9      | Noticed Joseph
 17987 | D:9      | Noticed Joseph
 17987 | D:9      | Joseph changed into Joseph the yak
 18076 | D:9      | Killed Joseph the yak
 18252 | D:9      | Found a runed door.
 18252 | D:9      | Noticed TheNamelessOne's ghost (novice FoFi)
 18345 | D:10     | Entered Level 10 of the Dungeon
 18391 | D:10     | Reached skill level 1 in Necromancy
 18410 | D:10     | Reached skill level 13 in Short Blades
 18674 | D:10     | Found a staircase to the Lair.
 18674 | D:10     | Noticed an oklob plant
 18715 | D:10     | Found a shimmering altar of Xom.
 18958 | D:11     | Noticed a rime drake
 18958 | D:11     | a steam dragon changed into a rime drake
 18969 | D:11     | Killed from afar by a rime drake (shapeshifter)

Vault maps used:
D:1:      dpeg_arrival_pits
D:2:      led_sif_pool, cheibriados_altar_1
D:3:      ebering_ghost_disaster_area
D:4:      elyvilon_altar_5, amethyst_overflow_temple_binary,
          minmay_temple_entry_glassed_door, grunt_decor_arrowhead,
          minmay_gold_behind_fungi, uniq_blork_the_orc
D:5:      enter_ossuary_2, first_ration
D:6:      lemuel_crystal_altar, gammafunk_ghost_necromancy,
          nemelex_lonely_heart_becter, uniq_crazy_yiuf_cottage, uniq_eustachio
D:7:      nicolae_gozag_cash_rules_everything_around_me, the_bakery,
          nemelex_dance_club_becter
D:8:      kennysheep_mini, lemuel_coloured_pillars_altar, enter_bailey_3,
          grunt_decor_one_mirror
D:9:      bloody_makhleb, ebering_ghost_inner_flame, uniq_joseph
D:10:     dpeg_oklobed_lair, tgw_xom
D:11:     orc_0_dummy, serial_shops, shop
Temple:   nicolae_temple_hex_pool
Ossuary:  ossuary_due_pyramid

Skill      XL: |  1  2  3  4  5  6  7  8  9 10 |
---------------+-------------------------------+-----
Stealth        | 2 3 4 5 7 8 10 | 10.1
Short Blades   | 2 3 4 5 6 8 12 13 | 13.0
Evocations     | 4 5 6 |  6.0
Translocations | 3 |  3.1
Dodging        | 3 8 |  8.3
Necromancy     | 1 |  1.4
Fighting       | |  1.1

Action                   |  1- 3 |  4- 6 |  7- 9 | 10-12 || total
-------------------------+-------+-------+-------+-------++-------
Melee: Short sword       |   161 |   240 |   740 |   168 ||  1309
       Rapier            |       |       |       |   263 ||   263
       Dagger            |       |       |       |    38 ||    38
 Fire: Hunting sling     |       |       |       |     3 ||     3
 Cast: Blink             |       |       |    12 |     6 ||    18
Evoke: Wand              |     5 |     5 |    54 |     4 ||    68
  Use: Scroll            |       |    11 |     8 |     7 ||    26
       Potion            |       |     2 |     6 |     3 ||    11
 Stab: Sleeping          |     5 |     5 |    18 |     6 ||    34
       Paralysed         |       |     2 |       |       ||     2
       Distracted        |       |       |     2 |     1 ||     3
       Confused          |       |       |     1 |       ||     1
  Eat: Chunk             |    13 |     8 |    30 |    17 ||    68
Armor: Leather armour    |    32 |    27 |    90 |    39 ||   188
       Skin              |       |       |    22 |    35 ||    57
Dodge: Dodged            |   115 |   136 |   389 |   298 ||   938

Table legend:
 A = Non-vault XP
 B = Vault XP
 C = Vault XP percentage of total XP
 D = Non-vault monster count
 E = Vault monster count
 F = Vault count percentage of total count
                 A         B        C        D         E       F
            +---------+---------+-------+---------+---------+-------
      Total |    6112 |     880 |  12.6 |     210 |      39 |  15.7
            +---------+---------+-------+---------+---------+-------
        D:1 |      28 |       0 |   0.0 |      17 |       0 |   0.0
        D:2 |      52 |       0 |   0.0 |      21 |       0 |   0.0
        D:3 |     134 |       0 |   0.0 |      19 |       0 |   0.0
        D:4 |     221 |      99 |  30.9 |      17 |       1 |   5.6
        D:5 |     322 |       0 |   0.0 |      12 |       0 |   0.0
        D:6 |     549 |     236 |  30.1 |      23 |       2 |   8.0
        D:7 |    1653 |     273 |  14.2 |      35 |       3 |   7.9
        D:8 |    1945 |       7 |   0.4 |      48 |       4 |   7.7
        D:9 |     908 |     187 |  17.1 |      14 |       1 |   6.7
       D:10 |     300 |      40 |  11.8 |       4 |       3 |  42.9
    Ossuary |       0 |      38 | 100.0 |       0 |      25 | 100.0
            +---------+---------+-------+---------+---------+-------
